cohdb
Replays
Latest Replays
All Replays
Popular Replays
Top Player Replays
Match Explorer
How It Works
Community
CoH3 Stats
Reddit
Sign in to upload your games and track your stats! →
Sign in with Steam
Match 45304473
Unlisted
Match 45304473
Overview
Messages
Build Orders
End
Panzergrenadier Squad
Selects Panzerjäger Kommand Battlegroup
Selects Mine Fields
250 Light Carrier
Panzerpioneer Squad
Construct Light Support Kompanie
MG34 Team
Combat Half-tracks
Fire Support Elements
Panzerjäger Mechanized Group
Flakvierling Half-track
2.5-tonne Medical Truck
Selects Tank Busters
Forward Retreat Point
Flakvierling Half-track
Selects Early Warning
MG34 Team
Panzerjäger Mechanized Group
GAOJin
Winter
乌拉
Stanl
Jin Ryang
RitraXP
[Glandeur] Conan ****
Longbow64D
0
0
Comments
sign in to comment!
No comments posted yet!